Map: Moonlight Madness LE (Void)

Players

SticklerMac - Winner!

  • Race: Terran Terran
  • League: Bronze

한겨울의사냥꾼

  • Race: Protoss Protoss

VOD

Have the link to the VOD?

Description

Time

  • Played on: July 28, 2015, 8:38 a.m.
  • Length: 7:43
Show
View Real Time Build Order
Export as new Build Order

SticklerMac Terran - Winner!

Build Orders:  

Get SALT Encoding   

  12  0:01  SCV  
  13  0:13  SCV  
  14  0:21  Supply Depot  
  14  0:25  SCV  
  15  0:43  SCV  
  15  0:45  Barracks  
  16  0:53  Supply Depot  
  16  0:55  SCV  
  17  1:01  Refinery  
  17  1:07  SCV  
  18  1:13  Refinery  
  18  1:19  SCV  
  19  1:31  SCV  
  20  1:42  Barracks  
  20  1:44  SCV  
  21  1:50  Factory  
  21  2:00  Marine  
  22  2:10  SCV  
  22  2:11  Engineering Bay  
  23  2:18  Barracks  
  23  2:22  SCV  
  24  2:27  Barracks Reactor  
  24  2:30  Barracks Tech Lab  
  24  2:37  SCV  
  25  2:49  Starport  
  25  2:54  Terran Infantry Weapons Level 1  
  25  3:02  Marauder  
  25  3:04  Marine  
  28  3:10  Barracks Reactor  
  28  3:11  Factory Reactor  
  28  3:13  Marine  
  29  3:28  Starport  
  29  3:45  Medivac  
  31  3:56  Supply Depot x2  
  31  3:59  Supply Depot  
  31  4:18  Medivac, Marine x4  
  31  4:20  Marauder  
  39  4:29  Medivac  
  41  4:35  Marine  
  42  4:40  Marine  
  42  4:41  Marauder  
  44  4:49  Stimpack  
  44  5:05  Marine x2, Marauder  
  44  5:06  Marine x2  
  50  5:23  Marine x3  
  53  5:29  Marauder  
  55  5:43  Supply Depot  
  55  6:04  Medivac, Marine x4  
  55  6:05  Marauder  
  63  6:22  Marine  
  61  6:26  Marauder  
  63  6:34  Marine  
  63  7:24  Marine  
Show
View Real Time Build Order
Export as new Build Order

한겨울의사냥꾼 Protoss 

Build Orders:  

Get SALT Encoding   

  12  0:05  Probe  
  13  0:17  Probe  
  14  0:26  Pylon  
  14  0:44  Probe (Chrono Boost)  
  14  0:48  Gateway  
  15  0:53  Assimilator  
  15  0:56  Probe (Chrono Boost)  
  16  1:03  Probe (Chrono Boost)  
  17  1:13  Probe  
  18  1:33  Gateway  
  18  1:35  Cybernetics Core  
  18  1:38  Zealot  
  20  1:43  Pylon  
  20  2:13  Probe (Chrono Boost)  
  21  2:16  Warp Gate (Chrono Boost)  
  21  2:17  Nexus  
  22  2:23  Probe (Chrono Boost)  
  22  2:31  Assimilator  
  22  2:32  Probe (Chrono Boost)  
  23  2:43  Probe (Chrono Boost), Pylon  
  24  2:49  Probe  
  25  2:59  Pylon  
  25  3:04  Robotics Facility  
  25  3:17  Probe (Chrono Boost)  
  27  3:27  Probe (Chrono Boost)  
  27  3:31  Sentry  
  27  3:34  Probe  
  30  3:39  Forge  
  30  3:43  Probe (Chrono Boost)  
  30  3:46  Probe (Chrono Boost)  
  32  3:55  Probe (Chrono Boost)  
  34  3:56  Probe (Chrono Boost)  
  34  3:58  Immortal  
  38  4:03  Probe  
  39  4:14  Gateway  
  39  4:15  Probe  
  40  4:19  Protoss Ground Weapons Level 1 (Chrono Boost)  
  40  4:20  Photon Cannon  
  40  4:25  Adept x2  
  40  4:30  Probe  
  45  4:36  Mothership Core  
  47  4:42  Probe  
  48  4:54  Probe  
  45  5:25  Robotics Facility  
  45  5:28  Robotics Bay  
  45  5:36  Adept  
  45  5:37  Adept  
  45  5:39  Probe  
  45  5:41  Assimilator  
  50  5:44  Assimilator  
  50  5:51  Probe  
  51  5:58  Pylon  
  51  6:03  Probe  
  52  6:06  Observer  
  53  6:13  Twilight Council  
  53  6:15  Probe  
  54  6:23  Zealot  
  54  6:24  Zealot  
  54  6:25  Zealot  
  50  6:27  Probe  
  44  6:42  Disruptor (Chrono Boost)  
  44  6:50  Disruptor  
  44  6:52  Zealot x2  
  44  6:53  Zealot  
  44  7:04  Gateway  
  44  7:05  Gateway  
  44  7:09  Gateway  
Tags
 
Add a new tag
Caveats
  • Supply blocks, unpowered buildings, or Contaminate may cause inaccurate times.
  • Supply counts are checked every 10 seconds.